 Dungeon Crawl Stone Soup version 0.22-a0-42-g002c468 (webtiles) character file.

141 KristoblXynda the Charmwright (level 5, 0/37 HPs)
             Began as a Spriggan Skald on Jan 5, 2018.
             Slain by a worker ant (2 damage)
             ... on level 3 of the Dungeon.
             The game lasted 00:06:31 (3043 turns).

KristoblXynda the Charmwright (Spriggan Skald)      Turns: 3043, Time: 00:06:32

Health: 0/37       AC: 22    Str:  8    XL:     5   Next: 3%
Magic:  3/10       EV:  4    Int: 14    God:
Gold:   115        SH:  0    Dex: 21    Spells: 3/10 levels left

rFire    . . .     SeeInvis +   u - +1 dagger (holy)
rCold    . . .     Gourm    .   (shield restricted)
rNeg     + + +     Faith    .   (armour currently unavailable)
rPois    +         Spirit   .   (helmet currently unavailable)
rElec    .         Reflect  .   (cloak currently unavailable)
rCorr    .         Harm     .   (gloves unavailable)
MR       .....     NoTele   +   (boots unavailable)
Stlth    +++.......             (no amulet)
HPRegen  0.12/turn              h - ring of wizardry
MPRegen  0.12/turn              (no ring)

@: agile, tree-form, infused
A: very small, unfitting armour, see invisible, herbivore, slow metabolism 2
a: no special abilities


You were on level 3 of the Dungeon.
You were not hungry.
You were a tree.
You visited 1 branch of the dungeon, and saw 4 of its levels.

You collected 115 gold pieces.

Inventory:

Hand Weapons
 u - a +1 dagger of holy wrath (weapon)
Armour
 b - a +1 robe (melded)
Jewellery
 h - a ring of wizardry (left branch)
Wands
 a - a wand of random effects (12)
 r - a wand of iceblast (4)
Scrolls
 e - a scroll of fear {unknown}
 i - a scroll of remove curse
 j - a scroll of immolation {unknown}
 l - a scroll of enchant armour
 m - a scroll of identify
 n - a scroll of teleportation {unknown}
Potions
 f - a potion of ambrosia {unknown}
 g - 2 potions of haste
 k - a potion of curing {unknown}
Books
 c - a book of Battle

   Spells                             Type                      Level
   a - Infusion                       Charms                       1
   b - Shroud of Golubria             Charms/Translocation         2
   c - Song of Slaying                Charms                       2
   d - Spectral Weapon                Hexes/Charms                 3
   e - Regeneration                   Charms/Necromancy            3
Comestibles
 d - 7 rations


   Skills:
 - Level 1.5 Fighting
 + Level 3.5 Short Blades
 + Level 5.1 Dodging
 + Level 1.5 Stealth
 + Level 3.1 Spellcasting
 + Level 5.8 Charms


You had 3 spell levels left.
You knew the following spells:

 Your Spells              Type           Power        Failure   Level  Hunger
a - Infusion              Chrm           ###.         1%          1    #......
b - Regeneration          Chrm/Necr      ##........   8%          3    ###....
c - Spectral Weapon       Hex/Chrm       ##......     8%          3    ###....


Dungeon Overview and Level Annotations

Branches:
Dungeon (4/15)
 Temple: D:4-7

Altars:
Ru


Innate Abilities, Weirdness & Mutations

You are very small and have problems with some larger weapons.
You are too small for most types of armour.
You have supernaturally acute eyesight. (SInv)
You are a herbivore.
((You cover ground extremely quickly.))
You need consume almost no food.


Message History

The worker ant bites you but does no damage. x2
It was a potion of agility.
You feel agile all of a sudden.
The worker ant bites you but does no damage.
You hit the worker ant.
The worker ant is severely wounded.
The worker ant bites you.
* * * LOW HITPOINT WARNING * * *
You hit the worker ant but do no damage.
The worker ant is severely wounded.
The worker ant barely misses you.
Unknown command.
You hit the worker ant.
The worker ant is severely wounded.
The worker ant bites you but does no damage.
Unknown command.
You hit the worker ant but do no damage.
The worker ant is severely wounded.
The worker ant bites you.
You die...

....##..###.# #####
###†#...###.###...#
# #...............#
# #.#...###.###...#
# #.#..## #.# ##.##
# #.#.## #.# #.# #
#.#.# #.# #.#
###.#.# #.# #[#
....#.## #.####♣#
.###...# #....#a#
.......# ####.#.#
.###...# #.#.# ##
##### #.#.# # #.#.#
# #.#.# # #.#.#
######### #.#.#


You could see a worker ant.

Vanquished Creatures
  A worker ant (D:3)
  6 adders
  A shadow imp (D:2)
  2 dart slugs
  4 leopard geckos
  4 orcs (D:3)
  A giant cockroach (D:3)
  3 goblins
  7 hobgoblins
  5 kobolds
  6 bats
  4 frilled lizards
  6 rats
50 creatures vanquished.

Notes
Turn   | Place    | Note
-------+----------+-------------------------------------------
     0 | D:1      | KristoblXynda the Spriggan Skald began the quest for the Orb.
     0 | D:1      | Reached XP level 1. HP: 10/10 MP: 5/5
   296 | D:1      | Reached XP level 2. HP: 14/14 MP: 6/6
   666 | D:2      | Reached skill level 5 in Charms
   754 | D:2      | Reached XP level 3. HP: 13/18 MP: 2/8
   926 | D:2      | Learned a level 3 spell: Regeneration
   930 | D:2      | Learned a level 3 spell: Spectral Weapon
  1746 | D:3      | Reached XP level 4. HP: 20/22 MP: 4/9
  2290 | D:3      | Reached skill level 5 in Dodging
  2313 | D:3      | Reached skill level 1 in Stealth
  2334 | D:3      | Found a sacrificial altar of Ru.
  2633 | D:3      | Reached XP level 5. HP: 11/25 MP: 1/10
  3043 | D:3      | Slain by a worker ant

Vault maps used:
D:1:      dpeg_arrival_rooms_b
D:2:      first_ration, grunt_ministairs_9
D:3:      nicolae_ru_sacrificial_ziggurat

Skill      XL: |  1  2  3  4 |
---------------+-------------+-----
Dodging        | 4 5 |  5.1
Charms         | 5 |  5.8
Short Blades   | 3 |  3.5
Stealth        | 1 |  1.5
Spellcasting   | 3 |  3.1
Fighting       | |  1.5

Action                   |  1- 3 |  4- 6 || total
-------------------------+-------+-------++-------
Melee: Short sword       |    85 |     2 ||    87
       Dagger            |       |    73 ||    73
 Cast: Infusion          |    10 |     7 ||    17
       Regeneration      |     1 |       ||     1
  Use: Scroll            |       |     6 ||     6
       Potion            |       |     2 ||     2
 Stab: Sleeping          |     1 |     2 ||     3
Armor: Robe              |     9 |     1 ||    10
       Skin              |       |     4 ||     4
Dodge: Dodged            |    68 |    52 ||   120

Table legend:
 A = Spawn XP
 B = Non-spawn XP
 C = Spawn XP percentage of total XP
 D = Spawn monster count
 E = Non-spawn monster count
 F = Spawn count percentage of total count
 G = Total turns spent on level
                    A         B        C        D         E        F      G
               +---------+---------+-------+---------+---------+-------+---------
         Total |       0 |     202 |   0.0 |       0 |      50 |   0.0 |  3043
               +---------+---------+-------+---------+---------+-------+---------
           D:1 |       0 |      17 |   0.0 |       0 |      10 |   0.0 |   649
           D:2 |       0 |      74 |   0.0 |       0 |      19 |   0.0 |  1087
           D:3 |       0 |     111 |   0.0 |       0 |      21 |   0.0 |  1293
               +---------+---------+-------+---------+---------+-------+---------
